 Dungeon Crawl Stone Soup version 0.27-a0-1242-ge70438ac7b (webtiles) character file.

Game seed: 13675604465870052865

28 Kinoniko the Firebug (level 2, -1/19 HPs)
             Began as a Demonspawn Fire Elementalist on June 9, 2021.
             Slain by an adder (2 damage)
             ... on level 2 of the Dungeon.
             The game lasted 00:03:18 (1124 turns).

Kinoniko the Firebug (Demonspawn Fire Elementalist) Turns: 1124, Time: 00:03:19

Health: -1/19      AC:  3    Str:  8    XL:     2   Next: 96%
Magic:  2/5        EV: 11    Int: 16    God:
Gold:   54         SH:  0    Dex: 13    Spells: 4/5 levels left

rFire    . . .     SeeInvis .   c - +0 whip
rCold    . . .     Faith    .   (no shield)
rNeg     . . .     Spirit   .   h - +0 leather armour
rPois    .         Reflect  .   (no helmet)
rElec    .         Harm     .   (no cloak)
rCorr    .         Rampage  .   (no gloves)
Will     .....                  (no boots)
Stlth    ++........             (no amulet)
HPRegen  0.06/turn              (no ring)
MPRegen  0.09/turn              (no ring)

@: lethally poisoned (-1 -> -5)
A: talons 1
a: no special abilities


You were on level 2 of the Dungeon.
You visited 1 branch of the dungeon, and saw 2 of its levels.

You collected 54 gold pieces.

Inventory:

Hand Weapons
 c - a +0 whip (weapon)
Armour
 a - a +0 robe
 h - a +0 leather armour (worn)
Scrolls
 d - a scroll of fear {unknown}
 e - 2 scrolls of teleportation {unknown}
 g - a scroll of fog {unknown}
Potions
 b - 2 potions of heal wounds {unknown}
 f - a potion of curing {unknown}


   Skills:
 * Level 0.8 Maces & Flails
 - Level 1.9 Dodging
 - Level 1.7 Stealth
 + Level 2.2 Spellcasting
 - Level 1.2 Conjurations
 * Level 3.2 Fire Magic


You had 4 spell levels left.
You knew the following spells:

 Your Spells              Type           Power      Damage    Failure   Level
a - Foxfire               Conj/Fire      32%        2x1d5     12%         1

Your spell library contained the following spells:

 Spells                   Type           Power      Damage    Failure   Level
 Conjure Flame            Conj/Fire      8%         6-21      34%         3
 Inner Flame              Hex/Fire       7%         N/A       41%         3
 Sticky Flame             Conj/Fire      8%         2d3       75%         4
 Fireball                 Conj/Fire      4%         3d4       97%         5


Dungeon Overview and Level Annotations

Branches:
Dungeon (2/15)

Altars:


Innate Abilities, Weirdness & Mutations

You have sharp toenails.


Message History

Found 7 gold pieces.
There is a fountain of clear blue water here.
You conjure some foxfire!
The adder hisses angrily.
You hear an angry hiss.
A frilled lizard comes into view.
The foxfire hits the frilled lizard.
You kill the frilled lizard!
Your foxfire dissipates!
You conjure some foxfire!
The foxfire hits the adder.
The adder is moderately wounded.
The adder bites you.
You are poisoned.
The adder poisons you!
You feel sick.
The foxfire hits the adder.
The adder is severely wounded.
The adder bites you.
You conjure some foxfire!
You feel sick. The adder barely misses you.
You feel sick. The adder barely misses you. The adder bites you.
There is not enough space to conjure foxfire!
You feel sick. The adder bites you.
You are lethally poisoned!
The adder poisons you!
Unknown command.
Your foxfire dissipates!
You feel sick.
Number of times to repeat, then command key: You must enter the number of times for the command to repeat.
You feel sick.
You are too injured to fight recklessly!
You are too injured to fight recklessly!
Okay, then.
Casting: Foxfire (safe; 12% risk of failure)
Confirm with . or Enter, or press ? or * to list all spells.
You conjure some foxfire!
* * * LOW HITPOINT WARNING * * *
You feel sick. The adder bites you.
* * * LOW HITPOINT WARNING * * *
The adder bites you.
You die...

.... ...
...(.##...#
..........
≈≈≈.......
#≈≈.....
#≈.....##
#≈....#⌠#
#≈....S##
##≈...@v.#
≈≈####≈≈....v.#
.≈≈≈≈≈≈.......#
...............#
..(.......##..##
..........#..##
.............#
.(...#.......#
....#⌠#...#.##


You could see an adder (ally target).

Vanquished Creatures
  3 dart slugs
  2 bats
  An endoplasm (D:1)
  2 giant cockroaches
  2 goblins (D:1)
  A hobgoblin (D:1)
  2 kobolds
  A quokka (D:1)
  3 ball pythons
  2 frilled lizards
  2 rats (D:1)
21 creatures vanquished.

Vanquished Creatures (others)
  67 foxfires
67 creatures vanquished.

Grand Total: 88 creatures vanquished

Notes
Turn   | Place    | Note
-------+----------+-------------------------------------------
     0 | D:1      | Kinoniko the Demonspawn Fire Elementalist began the quest
                  | for the Orb.
     0 | D:1      | Reached XP level 1. HP: 13/13 MP: 3/3
   206 | D:1      | Found a faded altar of an unknown god.
   246 | D:1      | Reached skill level 3 in Fire Magic
   262 | D:1      | Gained mutation: You have sharp toenails. [demonic
                  | ancestry]
   262 | D:1      | Reached XP level 2. HP: 15/19 MP: 0/5
  1124 | D:2      | Slain by an adder

Illustrated notes

Levels and vault maps discovered:
D:1:      ebering_trefoil_3fold, layout_rooms,
          hellmonk_ecumenical_altar_pennies_from_heaven
D:2:      layout_rooms, kennysheep_decorative_pillar

Skill      XL: |  1 |
---------------+----+-----
Fire Magic     | 3 |  3.2
Maces & Flails | |  0.8
Dodging        | |  1.9
Stealth        | |  1.7
Spellcasting   | |  2.2
Conjurations   | |  1.2

Action                   || total
-------------------------++-------
Melee: Unarmed           ||     8
       Whip              ||    11
       Kick              ||     1
 Cast: Foxfire           ||    43
Armor: Robe              ||    14
Dodge: Dodged            ||    28

Table legend: (Time is in decaauts)
 A = Elapsed time spent in this place.
 B = Non-inter-level travel time spent in this place.
 C = Inter-level travel time spent in this place.
 D = Time resting spent in this place.
 E = Time spent auto-exploring this place.
 F = Levels seen in this place.
 G = Mean time per level.
                   A        B        C        D        E       F      G
               +--------+--------+--------+--------+--------+-----+--------+
         Total |   1126 |   1089 |     37 |      0 |    873 |   2 |  563.0 |
       Dungeon |   1126 |   1089 |     37 |      0 |    873 |   2 |  563.0 |
               +--------+--------+--------+--------+--------+-----+--------+

Top non-repeatable levels by time:
     D:1: 863 daAuts
     D:2: 262 daAuts
